Map: Acid Plant LE

Players

PiG - Winner!

  • Race: Zerg Zerg
  • League: Grandmaster
  • Spawn Location: 5:00

Raze

  • Race: Protoss Protoss
  • League: Grandmaster
  • Spawn Location: 11:00

VOD

Have the link to the VOD?

Description

Time

  • Played on: June 19, 2018, 7:45 p.m.
  • Length: 6:49
Show
View Real Time Build Order
Export as new Build Order

PiG Zerg - Winner!

Build Orders: Hatch First 

Get SALT Encoding   

  12  0:01  Drone  
  13  0:13  Overlord  
  13  0:17  Drone  
  14  0:32  Drone x2  
  16  0:36  Drone  
  17  0:52  Hatchery  
  17  0:55  Drone  
  17  0:58  Drone  
  18  1:08  Extractor  
  17  1:13  Spawning Pool  
  17  1:15  Drone  
  17  1:18  Drone  
  18  1:32  Drone  
  19  1:45  Overlord  
  19  1:52  Drone  
  20  1:59  Queen  
  22  2:03  Zergling x2  
  22  2:04  Queen  
  22  2:05  Zergling x2  
  26  2:08  Metabolic Boost  
  26  2:12  Drone  
  27  2:18  Drone  
  28  2:23  Drone  
  28  2:28  Drone  
  30  2:38  Drone x2  
  32  2:44  Hatchery  
  32  2:48  Drone x2  
  33  2:56  Queen  
  35  2:59  Overlord  
  35  3:09  Drone  
  35  3:10  Overlord  
  36  3:18  Drone x3  
  39  3:20  Drone x4  
  43  3:27  Overlord  
  43  3:38  Spore Crawler  
  43  3:40  Drone x2  
  44  3:41  Drone x3  
  44  3:44  Lair  
  44  3:47  Extractor  
  44  3:48  Extractor  
  45  3:54  Queen  
  47  3:57  Queen  
  49  4:08  Drone x3  
  49  4:09  Drone x6  
  57  4:21  Overlord x2  
  57  4:23  Roach Warren  
  56  4:31  Overlord x2  
  55  4:47  Queen, Nydus Network  
  56  4:55  Overseer  
  56  5:03  Roach x9  
  56  5:05  Roach  
  76  5:12  Spore Crawler  
  76  5:14  Spore Crawler  
  74  5:22  Roach x5  
  74  5:23  Overlord  
  74  5:25  Zergling x4  
  86  5:39  Nydus Canal  
  86  5:44  Queen, Roach x3  
  86  5:45  Queen  
  96  5:50  Overlord x2  
  94  6:09  Roach x8  
  102  6:11  Zergling x2  
  89  6:29  Nydus Canal  
Show
View Real Time Build Order
Export as new Build Order

Raze Protoss 

Build Orders: 1 Gate Expand, Phoenix Opening, Zealot Archon, Archon Drop 

Get SALT Encoding   

  12  0:00  Probe  
  13  0:13  Probe  
  14  0:17  Pylon  
  14  0:24  Probe  
  15  0:32  Probe  
  15  0:38  Gateway  
  15  0:40  Probe  
  16  0:48  Assimilator  
  17  0:51  Probe  
  18  1:03  Probe  
  19  1:15  Probe  
  20  1:26  Nexus  
  20  1:36  Cybernetics Core  
  20  1:39  Probe  
  21  1:45  Assimilator  
  21  1:52  Probe  
  22  1:55  Pylon  
  22  2:03  Probe  
  22  2:04  Adept  
  23  2:11  Probe  
  26  2:21  Probe  
  26  2:28  Stargate  
  26  2:31  Adept, Warp Gate  
  26  2:34  Probe  
  26  2:35  Probe  
  29  2:42  Probe  
  30  2:47  Probe  
  32  2:52  Probe  
  33  2:59  Probe  
  33  3:03  Phoenix  
  33  3:04  Probe  
  35  3:11  Probe  
  38  3:16  Assimilator, Probe  
  38  3:17  Assimilator  
  39  3:23  Probe  
  40  3:29  Probe  
  40  3:31  Robotics Facility  
  41  3:36  Probe  
  41  3:41  Probe  
  46  3:43  Pylon  
  46  3:48  Probe  
  44  3:53  Probe  
  44  3:55  Twilight Council  
  45  3:56  Probe  
  45  4:01  Pylon  
  46  4:04  Probe  
  46  4:05  Probe  
  48  4:18  Warp Prism, Probe  
  48  4:23  Gateway x2, Probe  
  50  4:26  Gateway  
  50  4:30  Probe  
  53  4:35  Templar Archives  
  53  4:38  Zealot  
  55  4:46  Pylon  
  55  4:55  Nexus  
  55  4:59  Pylon  
  55  5:16  High Templar  
  55  5:18  High Templar x2  
  55  5:20  Zealot  
  63  5:23  High Templar  
  63  5:24  Archon, Probe  
  63  5:25  Probe  
  63  5:27  Archon  
  65  5:31  Immortal  
  65  5:33  Gateway  
  65  5:36  Gateway, Probe  
  65  5:37  Probe  
  65  5:41  Pylon  
  71  5:48  Zealot  
  73  5:50  Zealot x2  
  77  6:02  Zealot  
  70  6:10  Zealot x2  
  70  6:11  Zealot  
  41  6:25  Zealot  
  37  6:32  Zealot x2  
  38  6:35  Zealot x2  
Tags
 
Add a new tag
Caveats
  • Supply blocks, unpowered buildings, or Contaminate may cause inaccurate times.
  • Supply counts are checked every 10 seconds.